 Dungeon Crawl Stone Soup version 0.28.0-43-g3370ac3207 (webtiles) character file.

Game seed: 11990882060836430036

513 croobank the Firebug (level 7, -1/50 HPs)
             Began as a Purple Draconian Fire Elementalist on Mar 8, 2022.
             Slain by Duvessa
             ... wielding a +0 rapier of venom
              (9 damage)
             ... on level 4 of the Dungeon.
             The game lasted 00:14:10 (4439 turns).

croobank the Firebug (DrFE)                         Turns: 4439, Time: 00:14:10

Health: -1/50      AC:  7    Str: 10    XL:     7   Next: 0%
Magic:  3/13       EV: 12    Int: 17    God:
Gold:   77         SH:  0    Dex: 12    Spells: 7/14 levels left

rFire   . . .      SeeInvis .   d - +1 quarterstaff
rCold   . . .      Faith    .   (shield currently unavailable)
rNeg    . . .      Spirit   .   (armour unavailable)
rPois   .          Reflect  .   (helmet restricted)
rElec   .          Harm     .   (no cloak)
rCorr   .          Rampage  .   p - +0 pair of gloves
Will    +....      Clarity  +   (no boots)
Stlth   ++........              (no amulet)
HPRegen 0.16/turn               (no ring)
MPRegen 0.13/turn               (no ring)

@: short of breath
A: breathe power, AC +6, unfitting armour, cold-blooded, stinger 1, clarity,
deterioration 1
a: Breathe Dispelling Energy


You were on level 4 of the Dungeon.
You visited 1 branch of the dungeon, and saw 4 of its levels.

You collected 227 gold pieces.
You spent 150 gold pieces at shops.

Inventory:

Hand Weapons
 d - a +1 quarterstaff (weapon)
 e - a +0 rapier
 j - a +0 hand axe
Missiles
 b - a throwing net
 c - 23 arrows
 f - 37 sling bullets
 g - 197 stones
 n - 12 bolts
Armour
 p - a +0 pair of gloves (worn)
Wands
 a - a wand of polymorph (8)
 o - a wand of iceblast (9)
Scrolls
 l - a scroll of fog
 m - a scroll of immolation
Potions
 i - a potion of curing


   Skills:
 + Level 3.3 Dodging
 + Level 3.6 Stealth
 + Level 4.3 Spellcasting
 + Level 3.3 Conjurations
 + Level 4.4 Fire Magic


You had 7 spell levels left.
You knew the following spells:

 Your Spells              Type           Power      Damage    Failure   Level
a - Foxfire               Conj/Fire      64%        2x1d7     3%          1
b - Scorch                Fire           36%        2d6       3%          2
c - Flame Wave            Conj/Fire      16%        2d6       30%         4

Your spell library contained the following spells:

 Spells                   Type           Power      Damage    Failure   Level
 Conjure Flame            Conj/Fire      16%        6-21      10%         3
 Inner Flame              Hex/Fire       11%        N/A       19%         3


Dungeon Overview and Level Annotations

Branches:
Dungeon (4/15)
 Temple: D:4-7

Altars:

Shops:
D:3 *

Annotations:
D:4 1 runed translucent door, Crazy Yiuf, Duvessa


Innate Abilities, Weirdness & Mutations

You can breathe bolts of dispelling energy.
Your rich purple scales are hard. (AC +6)
You cannot fit into any form of body armour.
You are cold-blooded and may be slowed by cold attacks.
Your tail ends in a venomous barb.
You possess an exceptional clarity of mind.
Your body sometimes deteriorates upon taking damage.


Message History

Confirm with . or Enter, or press ? or * to list all spells.
Flames lash Duvessa but do no damage.
Casting: Scorch (safe; 3% risk of failure)
Confirm with . or Enter, or press ? or * to list all spells.
Flames lash Duvessa but do no damage.
Duvessa barely misses you.
Duvessa hits you with a +0 rapier of venom.
You are poisoned.
Casting: Scorch (safe; 3% risk of failure)
Confirm with . or Enter, or press ? or * to list all spells.
Flames lash Duvessa but do no damage.
You feel sick. Duvessa closely misses you.
Casting: Scorch (safe; 3% risk of failure)
Confirm with . or Enter, or press ? or * to list all spells.
Flames lash Duvessa.
Duvessa is heavily wounded.
Duvessa's fire resistance burns away.
You feel sick. Duvessa closely misses you.
Duvessa hits you with a +0 rapier of venom!
You are more poisoned.
Casting: Scorch (safe; 3% risk of failure)
Confirm with . or Enter, or press ? or * to list all spells.
Flames lash Duvessa but do no damage.
You feel very sick.
Duvessa hits you with a +0 rapier of venom.
You are more poisoned.
You feel better.
Duvessa hits you with a +0 rapier of venom!
Duvessa barely misses you.
You feel better. Duvessa barely misses you.
You barely miss Duvessa.
Duvessa is heavily wounded.
Duvessa is no longer more vulnerable to fire.
Duvessa barely misses you.
Duvessa hits you with a +0 rapier of venom!
You hit Duvessa but do no damage.
Duvessa is heavily wounded.
Duvessa hits you with a +0 rapier of venom!
* * * LOW HITPOINT WARNING * * *
Duvessa hits you with a +0 rapier of venom!
You die...

#.........#
#...).....##
#.......#.#
#.####......
##.....##.# ##.#
#.##.## ##...###.##
#..# #.##.#
##...##.#.##### #.##
#.##.#
#..#...###....####.##
#.##.#
#....##.#.#.........##
#.##.## #.#.##
#.##.#.##....^###.##..#
#.#.#
#.##.#@#..........###.#
#.#.# .
...#e##.....##### #.#
#.. .. ..........†.#
#.. #####
>###...###.#.# #.. ..
#)..###.#.#######.. #.
#...##.............
##...##..#..........
.....##.............
.........###########


You could see Duvessa (berserk).

Vanquished Creatures
  A black bear (D:4)
  A necrophage (D:4)
  Dowan (D:4)
  An orc priest (D:4)
  2 iguanas (D:4)
  An orc wizard (D:4)
  Robin (D:3)
  3 gnolls (D:3)
  3 adders
  A worm (D:2)
  A dart slug (D:1)
  4 orcs
  10 ball pythons
  9 endoplasms
  A giant cockroach (D:3)
  15 goblins
  9 hobgoblins
  9 jackals
  2 kobolds
  7 quokkas
  4 bats
  6 frilled lizards
  8 rats
100 creatures vanquished.

Vanquished Creatures (others)
  132 foxfires
132 creatures vanquished.

Grand Total: 232 creatures vanquished

Notes
Turn   | Place    | Note
-------+----------+-------------------------------------------
     0 | D:1      | croobank the Draconian Fire Elementalist began the quest
                  | for the Orb.
     0 | D:1      | Reached XP level 1. HP: 14/14 MP: 3/3
    95 | D:1      | Reached XP level 2. HP: 14/20 MP: 1/5
    98 | D:1      | Learned a level 2 spell: Scorch
   826 | D:1      | You fall into a shaft and drop 1 floor!
   839 | D:2      | Reached XP level 3. HP: 26/26 MP: 2/6
  1859 | D:2      | Reached XP level 4. HP: 33/33 MP: 5/7
  2028 | D:2      | Learned a level 4 spell: Flame Wave
  2268 | D:3      | Found a faded altar of an unknown god.
  2312 | D:3      | Noticed Robin
  2327 | D:3      | Killed Robin
  2778 | D:3      | Found Ygeunoy's Assorted Antiques.
  2805 | D:3      | Bought a scroll of identify for 50 gold pieces
  2805 | D:3      | Bought a scroll of identify for 50 gold pieces
  2805 | D:3      | Bought a scroll of identify for 50 gold pieces
  2920 | D:3      | Reached XP level 5. HP: 27/38 MP: 0/9
  3664 | D:4      | Noticed a necrophage
  3678 | D:4      | Killed a necrophage
  3679 | D:4      | Reached XP level 6. HP: 37/45 MP: 1/10
  4077 | D:4      | Found a runed translucent door.
  4078 | D:4      | Noticed Crazy Yiuf
  4083 | D:4      | Gained mutation: You possess an exceptional clarity of
                  | mind. [potion of mutation]
  4083 | D:4      | Gained mutation: Your body sometimes deteriorates upon
                  | taking damage. [potion of mutation]
  4083 | D:4      | Gained mutation: Your tail ends in a venomous barb. [potion
                  | of mutation]
  4306 | D:4      | Noticed Dowan
  4307 | D:4      | Noticed Duvessa
  4328 | D:4      | Killed Dowan
  4329 | D:4      | Your scales start taking on a rich purple colour.
  4329 | D:4      | Reached XP level 7. HP: 50/50 MP: 5/13
  4439 | D:4      | Slain by Duvessa

Illustrated notes

Levels and vault maps discovered:
D:1:      nzn_arrival_crosshair, layout_basic
D:2:      minmay_wonky_spiral, layout_loops_ring, fountainhead,
          roderic_lattice_a, st_stairs_7
D:3:      layout_loops_ring, shapermc_ecumenical_altar_acropolis, serial_shops,
          nicolae_shop_crystal, chequers_arboretum, uniq_robin
D:4:      layout_loops_ring, chequers_serial_rivers_micro_c, uniq_duvessa,
          uniq_crazy_yiuf_cottage

Skill      XL: |  1  2  3  4  5  6 |
---------------+-------------------+-----
Dodging        | 2 3 |  3.3
Stealth        | 2 3 |  3.6
Conjurations   | 2 3 |  3.3
Spellcasting   | 3 4 |  4.3
Fire Magic     | 4 |  4.4

Action                   |  1- 3 |  4- 6 |  7- 9 || total
-------------------------+-------+-------+-------++-------
Melee: Unarmed           |    12 |       |       ||    12
       Tailslap          |     7 |     4 |       ||    11
       Punch             |     1 |       |       ||     1
       Quarterstaff      |    30 |    41 |     2 ||    73
 Cast: Foxfire           |    33 |    42 |     1 ||    76
       Scorch            |    11 |    30 |     5 ||    46
 Abil: Breathe Dispellin |       |       |     1 ||     1
  Use: Scroll            |       |     8 |       ||     8
       Potion            |       |     4 |     2 ||     6
 Stab: Sleeping          |     1 |       |       ||     1
Armor: Skin              |    12 |    15 |       ||    27
Dodge: Dodged            |    35 |    42 |     6 ||    83
